 Dungeon Crawl Stone Soup version 0.20.1-1-g8b1a95d (webtiles) character file.

13837 Mesmaeker13 the Slinger (level 12, -5/74 HPs)
             Began as a Halfling Hunter on July 11, 2017.
             Was a Priest of Nemelex Xobeh.
             Slain by a minotaur
             ... wielding the +11 scimitar "Laneg" {flame, SInv Stlth+}
              (7 damage)
             ... in a labyrinth.
             The game lasted 00:53:46 (14049 turns).

Mesmaeker13 the Slinger (Halfling Hunter)          Turns: 14049, Time: 00:53:47

Health: -5/74      AC: 10    Str:  9    XL:     12   Next: 37%
Magic:  17/17      EV: 22    Int: 10    God:    Nemelex Xobeh [***...]
Gold:   394        SH:  6    Dex: 19    Spells: 11/11 levels left

rFire    + . .     SeeInvis .   b - +4 dagger "Humed" {pain, rPois rF+ rN++ Str-4}
rCold    + . .     Gourm    .   S - +0 buckler
rNeg     + + .     Faith    .   c - +3 leather armour {rF+}
rPois    +         Spirit   .   B - +1 helmet
rElec    .         Reflect  .   u - scarf {repulsion}
rCorr    .         Harm     .   y - +0 pair of gloves
MR       .....                  H - +0 pair of boots
Stlth    ++++++....             j - amulet of regeneration
Regen    0.7/turn               G - ring of stealth
MPRegen  0.2/turn               i - ring of ice

@: repel missiles
A: mutation resistance 1
a: Triple Draw, Renounce Religion


You were in a labyrinth.
You worshipped Nemelex Xobeh.
Nemelex Xobeh was most pleased with you.
You were not hungry.

You visited 3 branches of the dungeon, and saw 14 of its levels.
You also visited: Labyrinth.

You collected 794 gold pieces.
You spent 400 gold pieces at shops.

Inventory:

Hand Weapons
 a - a +1 hunting sling
 b - the +4 dagger "Humed" (weapon) {pain, rPois rF+ rN++ Str-4}
   (You found it on level 4 of the Dungeon)

   In the hands of one skilled in necromantic magic, it inflicts extra damage on
   living creatures.
   It affects your strength (-4).
   It protects you from fire.
   It protects you from poison.
   It greatly protects you from negative energy.
 T - a +1 dagger of venom
Missiles
 d - 53 sling bullets
 t - 102 poisoned needles
 A - 129 stones
 C - 15 curare-tipped needles
 I - 7 tomahawks
 J - a throwing net (quivered)
Armour
 c - a +3 leather armour of fire resistance (worn)
 u - a scarf of repulsion (worn)
 y - a +0 pair of gloves (worn)
 B - a +1 helmet (worn)
 H - a +0 pair of boots (worn)
 S - a +0 buckler (worn)
Jewellery
 i - a ring of ice (right hand)
 j - an amulet of regeneration (around neck)
 q - an uncursed ring of flight
 v - an uncursed ring of poison resistance {unknown}
 G - a ring of stealth (left hand)
Wands
 w - a wand of polymorph (12/24)
 D - a wand of confusion (0/48)
Scrolls
 g - a scroll of fear
 n - a scroll of fog
 o - 8 scrolls of teleportation
 s - a scroll of noise {unknown}
 z - 3 scrolls of enchant armour
 F - 4 scrolls of remove curse
 M - a scroll of magic mapping
 O - a scroll of recharging
Potions
 l - a potion of resistance
 R - a potion of degeneration {unknown}
Miscellaneous
 h - an ornate deck of destruction {drawn: 2}
 m - a plain deck of summoning {drawn: 8}
 E - a plain deck of destruction {drawn: 3}
 N - a plain deck of destruction {drawn: 3}
Comestibles
 f - 5 bread rations


   Skills:
 - Level 4.0 Fighting
 + Level 10.0 Short Blades
 - Level 12.0 Slings
 + Level 10.3 Dodging
 + Level 10.6 Stealth
 + Level 3.1 Shields
 + Level 7.8 Invocations


You had 11 spell levels left.
You didn't know any spells.

Dungeon Overview and Level Annotations

Branches:
Dungeon (11/15)            Temple (1/1) D:5            Lair (2/6) D:9
  Swamp: Lair:2-4    Shoals: Lair:2-4     Snake: Lair:2-4    Spider: Lair:2-4
    Orc: D:9-12

Altars:
Dithmenos
Elyvilon
Fedhas
Gozag
Hepliaklqana
Kikubaaqudgha
Makhleb
Nemelex Xobeh
Okawaru
Qazlal
Ru
Trog
Uskayaw
Yredelemnul
Zin
The Shining One

Shops:
D:4 [   D:6 %:(   D:10 !

Annotations:
D:2 Sigmund


Innate Abilities, Weirdness & Mutations

You are small and have problems with some larger weapons.
You are somewhat resistant to further mutation.


Message History

You destroy the vampire mosquito!
The vampire mosquito's corpse disappears in a puff of smoke!
Unknown command.
Really walk into that cloud of thunder?
Okay, then.
Your vampire mosquito is struck by lightning. x2
Really walk into that cloud of thunder?
Okay, then.
The minotaur hits you with a brightly glowing scimitar {flame}!!
The minotaur burns you. The minotaur gores you!
Lightning arcs down from a storm cloud!
Unknown command.
Okay, then.
You feel better.
Your vampire mosquito is struck by lightning.
The minotaur hits you with a brightly glowing scimitar {flame}!!
* * * LOW HITPOINT WARNING * * *
The minotaur burns you!
You die...
Your body glows with a rainbow of weird colours and disappears.

# . . .. . # #
#.##### #. . ..
#. #.# ## #
#.#.#. #.# . . .
.§.. .# . # #
#.####. .# #
#..H.# ### #≈≈.#
#..#@# ... #≈<...
..#yy...# ..
≈.#.#.######.# #.
≈ # #..# ##
##.#######..#####
.. . ..... .... .
.# ### ##.#.#
#.### #.# .....
.#. ... ...#
###...... #.# ###
#


You could see a minotaur and 2 friendly vampire mosquitoes.

Vanquished Creatures
  3 two-headed ogres
  A manticore (D:10)
  2 elephants (Lair:2)
  A spiny frog (Lair:1)
  A rime drake (Lair:1)
  3 trolls
  2 minotaur skeletons (Lab)
  4 hippogriffs
  A basilisk (Lair:1)
  7 yaks (Lair:1)
  2 hungry ghosts
  A steam dragon (D:11)
  Edmund (D:5)
  2 water moccasins (Lair:1)
  A porcupine (Lair:1)
  3 orc warriors
  2 ice beasts
  A sky beast (D:9)
  6 ogres
  2 wolves
  A boggart (D:11)
  6 centaurs
  5 bullfrogs
  A wyvern zombie (D:7)
  A wyvern skeleton (D:10)
  A water moccasin zombie (D:8)
  2 scorpions
  4 jellies
  2 howler monkeys
  5 crimson imps
  A quasit (D:7)
  8 hounds
  7 orc priests
  2 bullfrog skeletons
  4 centaur skeletons
  A centaur zombie (D:7)
  3 iguanas
  9 orc wizards
  9 worker ants
  A hound zombie (D:6)
  A hound skeleton (D:7)
  A worker ant zombie (D:5)
  A howler monkey skeleton (D:7)
  9 gnolls
  14 adders
  2 oozes
  An adder skeleton (D:6)
  A worm (D:2)
  3 leopard geckos
  25 orcs
  4 giant cockroaches
  4 goblins
  5 hobgoblins
  10 jackals
  3 kobolds
  2 quokkas
  7 bats
  4 frilled lizards
  6 rats
222 creatures vanquished.

Vanquished Creatures (collateral kills)
  Snorg (D:10)
  2 two-headed ogres
  A cyclops (D:11)
  An elephant (Lair:2)
  A troll (D:10)
  A yak (Lair:1)
  A hungry ghost (Lab)
  2 orc warriors
  2 wolves (Lair:1)
  A bullfrog (D:9)
  A scorpion (D:10)
  A bullfrog zombie (D:9)
  An orc priest (D:9)
  3 orc wizards
  A howler monkey zombie (D:8)
  3 orcs
  2 jackals (D:8)
25 creatures vanquished.

Vanquished Creatures (others)
  A spiny frog (Lair:1)
1 creature vanquished.

Grand Total: 248 creatures vanquished

Notes
Turn   | Place    | Note
-------+----------+-------------------------------------------
     0 | D:1      | Mesmaeker13 the Halfling Hunter began the quest for the Orb.
     0 | D:1      | Reached XP level 1. HP: 14/14 MP: 1/1
    69 | D:1      | Reached skill level 6 in Slings
   253 | D:1      | Reached XP level 2. HP: 17/19 MP: 2/2
   560 | D:2      | Reached XP level 3. HP: 20/24 MP: 3/3
  1110 | D:2      | Noticed Sigmund
  1599 | D:3      | Reached XP level 4. HP: 30/30 MP: 4/4
  1673 | D:3      | Reached XP level 5. HP: 31/35 MP: 5/5
  1786 | D:3      | Found a hide-covered altar of Uskayaw.
  1959 | D:3      | Reached skill level 7 in Slings
  1959 | D:3      | Reached XP level 6. HP: 35/41 MP: 6/6
  2634 | D:4      | Found Ighu's Armour Shop.
  2840 | D:4      | Reached XP level 7. HP: 46/46 MP: 7/7
  2894 | D:4      | Reached skill level 1 in Short Blades
  3309 | D:4      | Got an ichor-stained dagger
  3343 | D:5      | Entered Level 5 of the Dungeon
  3753 | D:5      | Identified the +4 dagger "Humed" {pain, rPois rF+ rN++ Str-4} (You found it on level 4 of the Dungeon)
  3909 | D:5      | Found a staircase to the Ecumenical Temple.
  4051 | D:5      | Reached skill level 8 in Slings
  4051 | D:5      | Reached skill level 5 in Dodging
  4138 | D:5      | Noticed Edmund
  4149 | D:5      | Killed Edmund
  4149 | D:5      | Reached skill level 5 in Stealth
  4149 | D:5      | Reached XP level 8. HP: 49/52 MP: 8/8
  4752 | D:6      | Found Wyehaph's Antique Weapon Shop.
  4864 | D:6      | HP: 2/52 [orc wizard/dagger (2)]
  5210 | D:6      | Reached skill level 9 in Slings
  5346 | D:6      | Reached XP level 9. HP: 56/56 MP: 9/9
  5409 | D:6      | Found Cewoarinia's Book Shoppe.
  5438 | D:6      | Found Caqak's Food Shoppe.
  5689 | D:6      | Found a burning altar of Makhleb.
  5814 | D:6      | Found an iron altar of Okawaru.
  5817 | D:6      | Found a bloodstained altar of Trog.
  5824 | D:6      | Found a glowing silver altar of Zin.
  5899 | Temple   | Entered the Ecumenical Temple
  6029 | Temple   | Became a worshipper of Nemelex Xobeh the Trickster
  6135 | D:6      | Reached skill level 5 in Short Blades
  6196 | D:7      | Received a gift from Nemelex Xobeh
  6292 | D:7      | Reached skill level 1 in Invocations
  6321 | D:7      | Reached skill level 10 in Slings
  6655 | D:7      | Noticed a hippogriff
  6704 | D:7      | Killed a hippogriff
  7003 | D:7      | Noticed a hippogriff
  7023 | D:7      | Killed a hippogriff
  7496 | D:7      | Reached XP level 10. HP: 63/63 MP: 12/12
  7610 | D:8      | Found a hazy altar of Hepliaklqana.
  7610 | D:8      | Found a blossoming altar of Fedhas.
  7633 | D:8      | Noticed a two-headed ogre
  7658 | D:8      | Killed a two-headed ogre
  7824 | D:4      | Bought a +3 leather armour of fire resistance for 240 gold pieces
  7895 | D:8      | Received a gift from Nemelex Xobeh
  7912 | D:7      | Reached skill level 11 in Slings
  8329 | D:8      | Noticed a two-headed ogre
  8354 | D:8      | Killed a two-headed ogre
  8365 | D:8      | Reached * piety under Nemelex Xobeh
  8685 | D:9      | Received a gift from Nemelex Xobeh
  8842 | D:9      | Noticed a two-headed ogre
  8873 | D:9      | Killed a two-headed ogre
  8873 | D:9      | Reached skill level 5 in Invocations
  9196 | D:9      | Reached ** piety under Nemelex Xobeh
  9198 | D:9      | Found a staircase to the Lair.
  9363 | D:9      | Reached XP level 11. HP: 67/67 MP: 14/14
  9733 | D:10     | Entered Level 10 of the Dungeon
  9985 | D:10     | Noticed a two-headed ogre
  9992 | D:10     | Killed a two-headed ogre
  9992 | D:10     | Reached skill level 12 in Slings
 10028 | D:10     | Noticed Snorg
 10038 | D:10     | Killed Snorg
 10553 | D:10     | Found Kyruux's Distillery.
 10803 | D:4      | Bought a +1 helmet for 115 gold pieces
 10811 | D:4      | Bought a +0 pair of boots for 45 gold pieces
 11065 | D:10     | Noticed a two-headed ogre
 11091 | D:10     | Killed a two-headed ogre
 11294 | D:10     | Noticed a manticore
 11309 | D:10     | Killed a manticore
 11593 | D:11     | Noticed a cyclops
 11710 | D:11     | Killed a cyclops
 11710 | D:11     | Reached skill level 10 in Stealth
 11898 | D:11     | Received a gift from Nemelex Xobeh
 12072 | D:11     | Noticed a two-headed ogre
 12228 | Lair:1   | Entered Level 1 of the Lair of Beasts
 12476 | Lair:1   | Reached skill level 1 in Shields
 12503 | Lair:1   | Reached XP level 12. HP: 74/74 MP: 17/17
 12781 | Lair:1   | Received a gift from Nemelex Xobeh
 12937 | Lair:1   | Reached skill level 10 in Dodging
 13627 | Lair:2   | Found a labyrinth entrance.
 13633 | Lair:2   | Reached skill level 10 in Short Blades
 13664 | Lair:2   | Reached *** piety under Nemelex Xobeh
 13736 | Lab      | Entered a labyrinth
 13808 | Lab      | Received a gift from Nemelex Xobeh
 14033 | Lab      | Noticed a minotaur
 14049 | Lab      | HP: 2/74 [minotaur/brightly glowing scimitar {flame} (33)]
 14049 | Lab      | Identified the +11 scimitar "Laneg" {flame, SInv Stlth+}
 14049 | Lab      | Slain by a minotaur

Skill      XL: |  1  2  3  4  5  6  7  8  9 10 11 12 |
---------------+-------------------------------------+-----
Slings         | 6 7 8 9 10 11 12 | 12.0
Fighting       | 2 3 4 |  4.0
Dodging        | 3 4 5 6 7 8 9 10 | 10.3
Stealth        | 2 3 4 5 6 7 8 10 | 10.6
Short Blades   | 3 4 6 7 9 10 | 10.0
Invocations    | 3 5 7 |  7.8
Shields        | 1 3 |  3.1

Action                   |  1- 3 |  4- 6 |  7- 9 | 10-12 || total
-------------------------+-------+-------+-------+-------++-------
Melee: Short sword       |    72 |    60 |       |       ||   132
       Hunting sling     |       |     1 |       |       ||     1
       Dagger            |       |    35 |   290 |   475 ||   800
 Fire: Hunting sling     |    41 |   102 |   174 |   242 ||   559
Throw: Throwing net      |       |       |     1 |     2 ||     3
       Stone             |       |       |     1 |       ||     1
Invok: Triple Draw       |       |       |       |     1 ||     1
Evoke: Wand              |       |       |    15 |    15 ||    30
       Deck              |       |       |     2 |    27 ||    29
  Use: Scroll            |     1 |     7 |     4 |     6 ||    18
       Potion            |       |     4 |     9 |     2 ||    15
 Stab: Sleeping          |     3 |     1 |     4 |    14 ||    22
       Confused          |       |       |     4 |     2 ||     6
       Distracted        |       |       |       |     5 ||     5
       Petrifying        |       |       |       |     1 ||     1
  Eat: Chunk             |     1 |     1 |    13 |    19 ||    34
       Bread ration      |     1 |       |       |     2 ||     3
       Fruit             |       |       |     1 |       ||     1
Armor: Leather armour    |     9 |    31 |    25 |    48 ||   113
Dodge: Dodged            |    58 |    93 |   197 |   267 ||   615
       Deflected         |       |       |       |     3 ||     3
Block: Buckler           |       |       |       |    20 ||    20
